 Dungeon Crawl Stone Soup version 0.31-a0-176-g91f28db67f (webtiles) character file.

Game seed: 15065579340231242372

38 qw the Chopper (level 3, -1/23 HPs)
             Began as a Gargoyle Fighter on June 17, 2023.
             Slain by Natasha (7 damage)
             ... on level 2 of the Dungeon.
             The game lasted 00:00:31 (1037 turns).

qw the Chopper (Gargoyle Fighter)                   Turns: 1037, Time: 00:00:32

Health: -1/23      AC: 12    Str: 21    XL:     3   Next: 43%
Magic:  3/3        EV:  7    Int:  8    God:
Gold:   69         SH:  4    Dex:  9    Spells: 2/2 levels left

rFire   . . .        Y - +0 war axe
rCold   . . .        c - +0 buckler
rNeg    + . .        g - +0 chain mail
rPois   inf          (no helmet)
rElec   +            (no cloak)
rCorr   .            (no gloves)
SInv    .            (no boots)
Will    .....        (no amulet) Stlth
                     (no ring)
HPRegen 0.23/turn    (no ring)
MPRegen 0.08/turn

%: no passive effects
@: slowed, very slow
A: sickness immunity, AC +3, negative energy resistance 1, electricity
resistance, torment resistance 1, petrification resistance
a: no special abilities


You were on level 2 of the Dungeon.
You visited 1 branch of the dungeon, and saw 2 of its levels.

You collected 69 gold pieces.


Innate Abilities, Weirdness & Mutations

You are immune to sickness and miasma.
Your stone body is resilient. (AC +3)
You are immune to poison.
You resist negative energy. (rN+)
You are resistant to electric shocks. (rElec)
You are resistant to unholy torment.
You are immune to petrification.


   Skills:
 - Level 3.2 Fighting
 + Level 3.4 Axes
 - Level 3.2 Armour
 - Level 3.2 Shields


You had 2 spell levels left.
You didn't know any spells.
Your spell library was empty.

Inventory:

Hand Weapons
 e - a +0 whip
 Y - a +0 war axe (weapon)
Armour
 c - a +0 buckler (worn)
 g - a +0 chain mail (worn)
Scrolls
 a - a scroll of identify
Potions
 b - a potion of lignification {unknown}
 d - a potion of might
 f - a potion of degeneration {unknown}
 h - a potion of enlightenment {unknown}
 i - a potion of brilliance {unknown}

Dungeon Overview and Level Annotations

Branches:
Dungeon (2/15)

Altars:
Xom

Shops:
D:1 ?

Annotations:
D:2 Natasha


Message History

Natasha closely misses you. Natasha claws you.
You barely miss Natasha.
Natasha howls an incantation.
Natasha shimmers violently.
Natasha claws you.
You closely miss Natasha. Natasha claws you.
Natasha claws you but does no damage.
You miss Natasha. Natasha claws you but does no damage.
You hit Natasha.
Natasha is moderately wounded.
Natasha claws you.
You hit Natasha.
Natasha is heavily wounded.
Natasha completely misses you. Natasha claws you.
You barely miss Natasha.
Natasha is heavily wounded.
Natasha claws you but does no damage.
You barely miss Natasha.
Natasha is heavily wounded.
Natasha claws you.
You barely miss Natasha.
Natasha is heavily wounded.
Natasha casts a spell at you.
You feel yourself slow down.
Natasha stares at you and mumbles some strange words.
You feel as though you will be slow longer.
You closely miss Natasha.
Natasha is heavily wounded.
Natasha claws you but does no damage.
Natasha casts a spell.
You barely miss Natasha.
Natasha is heavily wounded.
Natasha claws you. The cerulean imp barely misses you.
You block Natasha's attack.
The cerulean imp hits you from afar with a +0 spear.
You closely miss Natasha.
Natasha is heavily wounded.
Natasha claws you!
You die...

#....#....._.........#
.....+........######.#
#.#.##........##.. .#
..#.##......#.##.# #
#.#.##....%.#.##.#
#.#.#.......#.##.#
###.#.##......##.#######
......................
#.#.##.#<#####@#######
..# #.### #.h.......$
#.# <. #..5..##### #.#
## #.....# #.....#
#.....# #.....# #.....#


You could see Natasha and a cerulean imp (summoned).

Vanquished Creatures
  An adder (D:2)
  3 endoplasms
  A giant cockroach (D:1)
  2 goblins (D:1)
  6 hobgoblins (D:1)
  4 jackals (D:1)
  3 frilled lizards
  3 kobolds (D:1)
  2 rats (D:1)
25 creatures vanquished.

Notes
Turn   | Place    | Note
-------+----------+-------------------------------------------
     0 | D:1      | qw the Gargoyle Fighter began the quest for the Orb.
     0 | D:1      | Reached XP level 1. HP: 14/14 MP: 1/1
     0 | D:1      | 0 ||| qw: Version: 0.3-a-5-g6f28e65
     0 | D:1      | 0 ||| qw: Game counter: 493
     0 | D:1      | 0 ||| qw: Always use a shield: true
     0 | D:1      | 0 ||| qw: God list: Okawaru
     0 | D:1      | 0 ||| qw: Allow faded altars: false
     0 | D:1      | 0 ||| qw: Do Orc after D:15 true
     0 | D:1      | 0 ||| qw: Do second Lair branch before Depths: true
     0 | D:1      | 0 ||| qw: Lair rune preference: random
     0 | D:1      | 0 ||| qw: Plans: Normal, Zot:1-4, Slime:5, God:TSO, Crypt,
                  | Tomb, Abyss, Pan, Hells, Win
     0 | D:1      | 0 ||| PLANNING D:1-11
    12 | D:1      | 12 ||| Stepping ~*~*~tactically~*~*~ (stealth).
   104 | D:1      | Found Qyinack's Magic Scroll Shop.
   116 | D:1      | 116 ||| SHOPLISTING scroll of enchant armour (97 gold, have
                  | 5).
   116 | D:1      | 116 ||| SHOPLISTING scroll of enchant weapon (97 gold, have
                  | 5).
   116 | D:1      | 116 ||| SHOPLISTING scroll of teleportation (39 gold, have
                  | 5).
   151 | D:1      | Reached XP level 2. HP: 19/19 MP: 2/2
   530 | D:1      | Reached skill level 3 in Axes
   576 | D:1      | Reached XP level 3. HP: 23/23 MP: 3/3
   599 | D:1      | Found a faded altar of an unknown god.
   881 | D:1      | 881 ||| UPGRADING to +0 chain mail.
   891 | D:1      | 891 ||| DROPPING +0 scale mail.
   892 | D:1      | 892 ||| READING 2 scrolls labelled RIFIOLOYFU.
   982 | D:2      | Found a shimmering altar of Xom.
  1024 | D:2      | Noticed Natasha
  1036 | D:2      | HP: 5/23 [cerulean imp/+0 spear[Natasha] (1)]
  1037 | D:2      | Slain by Natasha

Levels and vault maps discovered:
D:1:      reono_arrival_mine, layout_loops_ring, serial_shops, shop,
          shapermc_ecumenical_altar_acropolis
D:2:      layout_basic, serial_shops, shop, basic_altar, serial_park_tiny_1,
          uniq_natasha, uniq_robin

Skill      XL: |  1  2 |
---------------+-------+-----
Axes           | 2 3 |  3.4
Fighting       | |  3.2
Armour         | |  3.2
Shields        | |  3.2

Action                     || total
---------------------------++-------
  Melee: War axe           ||    91
    Use: Scroll            ||     1
 Armour: Scale mail        ||    41
         Chain mail        ||     8
  Dodge: Dodged            ||    31
  Block: Buckler           ||    17

Table legend:
 A = Non-vault XP
 B = Vault XP
 C = Vault XP percentage of total XP
 D = Non-vault monster count
 E = Vault monster count
 F = Vault count percentage of total count
                 A         B        C        D         E       F
            +---------+---------+-------+---------+---------+-------
      Total |      55 |       0 |   0.0 |      25 |       0 |   0.0
            +---------+---------+-------+---------+---------+-------
        D:1 |      39 |       0 |   0.0 |      22 |       0 |   0.0
        D:2 |      16 |       0 |   0.0 |       3 |       0 |   0.0
            +---------+---------+-------+---------+---------+-------
